 Dungeon Crawl Stone Soup version 0.25-a0-474-ga8a2ee3166 (webtiles) character file.

Game seed: 17532543309791984550, levelgen mode: deterministic

925 BeastOfSaturn the Conjurer (level 8, -1/46 HPs)
             Began as a Tengu Conjurer on Feb 7, 2020.
             Was a Priest of Ru.
             Engulfed by a steam dragon's steam (7 damage)
             ... on level 5 of the Dungeon.
             The game lasted 00:24:52 (6320 turns).

BeastOfSaturn the Conjurer (Tengu Conjurer)         Turns: 6320, Time: 00:24:53

Health: -1/46      AC:  7    Str: 10    XL:     8   Next: 10%
Magic:  14/14      EV: 12    Int: 16    God:    Ru [***...]
Gold:   283        SH:  0    Dex: 17    Spells: 8/14 levels left

rFire    . . .     SeeInvis +   t - +0 falchion
rCold    + . .     Gourm    .   (shield unavailable)
rNeg     . . .     Faith    .   w - +0 ring mail
rPois    +         Spirit   .   (helmet restricted)
rElec    .         Reflect  .   (no cloak)
rCorr    .         Harm     .   q - +0 pair of gloves
MR       .....                  (boots unavailable)
Stlth    +.........             (no amulet)
HPRegen  0.15/turn              (ring unavailable)
MPRegen  0.14/turn              n - ring of see invisible

@: no status effects
A: beak, talons 3, agile 1, cold resistance 1, poison resistance, missing a
hand, able to fly
a: Fly, Draw Out Power, Renounce Religion


You were on level 5 of the Dungeon.
You worshipped Ru.
Ru was most pleased with you.
You were not hungry.

You visited 1 branch of the dungeon, and saw 6 of its levels.

You collected 283 gold pieces.

Inventory:

Hand Weapons
 e - a +0 whip
 f - a +0 hand axe
 t - a +0 falchion (weapon)
Armour
 a - a +0 robe
 q - a +0 pair of gloves (worn)
 w - a +0 ring mail (worn)
Jewellery
 b - a +3 amulet of reflection {unknown}
 n - a ring of see invisible (right hand)
 p - an uncursed ring of magical power
 v - an uncursed amulet of faith
Scrolls
 c - 2 scrolls of amnesia {unknown}
 d - 4 scrolls of enchant weapon {unknown}
 h - a scroll of enchant armour {unknown}
 m - a scroll of fear {unknown}
 o - a scroll of remove curse {unknown}
 s - a scroll of immolation {unknown}
 u - a scroll of noise {unknown}
 x - a scroll of teleportation {unknown}
Potions
 g - 2 potions of brilliance
 i - 2 potions of ambrosia
 k - 2 potions of degeneration
 l - a potion of flight {unknown}


   Skills:
 * Level 3.3 Fighting
 + Level 2.1 Long Blades
 - Level 2.0(2.2) Axes
 + Level 1.2(1.8) Maces & Flails
 * Level 4.5 Armour
 * Level 4.5 Dodging
 - Level 2.0 Stealth
 + Level 3.5 Spellcasting
 + Level 6.8 Conjurations


You had 8 spell levels left.
You knew the following spells:

 Your Spells              Type           Power        Failure   Level  Hunger
a - Magic Dart            Conj           ###.         2%          1    None
b - Searing Ray           Conj           ###...       3%          2    ##.....
c - Dazzling Flash        Conj/Hex       ##....       30%         3    ###....

Your spell library contained the following spells:

 Spells                   Type           Power        Failure   Level  Hunger
 Fulminant Prism          Conj/Hex       ##........   71%         4    ####...
 Iskenderun's Mystic Bla  Conj/Tloc      ##......     71%         4    ####...


Dungeon Overview and Level Annotations

Branches:
Dungeon (6/15)
 Temple: D:4-7

Altars:
Elyvilon
Fedhas
Hepliaklqana
Kikubaaqudgha
Makhleb
Nemelex Xobeh
Okawaru
Qazlal
Ru
Sif Muna
Yredelemnul

Shops:
D:5 (

Annotations:
D:3 1 runed translucent door, TimeIsEndless's ghost, amateur GnFi


Innate Abilities, Weirdness & Mutations

You have a beak for a mouth.
You have claws for feet.
You are missing a hand.
You can fly continuously.
You are agile. (Dex +2)
Your flesh is cold resistant. (rC+)
Your system is resistant to poisons. (rPois)


Message History

The sky beast misses you.
You barely miss the sky beast. You claw the sky beast.
You kill the sky beast!
You have reached level 8!
You feel agile.
There is a stone staircase leading up here.
The steam dragon closely misses you. The steam dragon misses you.
You climb upwards.
There is a stone staircase leading down here.
Press: ? - help, v - describe, . - travel
Here: a steam dragon The floor.
The steam dragon breathes steam at you. The ball of steam hits you.
* * * LOW HITPOINT WARNING * * *
The steam dragon breathes steam at you. The ball of steam hits you.
* * * LOW HITPOINT WARNING * * *
You are engulfed in a cloud of scalding steam.
You die...

###### #....# ##### #.##.# #....
#.##.##### #.###
#########.##....§######### #.#..
......÷.......§§@§§D....># #.#.#
#########.######.#######.# #.#.#
########.# #.# #.# #.#.#
##........# #.#######'####.#.#
.#.######## #.##.........#.#.#
.#.#############.##.........#.#.#
.#................'.........#.#..
.#.#############.##.........#.###
.#.# #######.#'####....


There were no monsters in sight!

Vanquished Creatures
  A sky beast (D:6)
  A centaur (D:6)
  A bullfrog (D:6)
  A water moccasin skeleton (D:4)
  A scorpion (D:4)
  A howler monkey (D:6)
  An orc priest (D:5)
  A gnoll shaman (D:5)
  2 orc wizards (D:6)
  3 iron imps (D:5)
  2 worker ants
  A hound skeleton (D:4)
  9 adders
  4 gnolls
  A shadow imp (D:5)
  2 oozes
  An adder zombie (D:6)
  An adder skeleton (D:5)
  A worm (D:2)
  2 dart slugs
  5 leopard geckos
  14 orcs
  10 bats
  5 giant cockroaches
  8 goblins
  10 hobgoblins
  6 jackals
  6 kobolds
  3 quokkas
  3 ball pythons
  8 frilled lizards
  4 rats
119 creatures vanquished.

Vanquished Creatures (others)
  A sky beast (D:6)
  A jackal (D:4)
  2 withered plants (D:3)
4 creatures vanquished.

Grand Total: 123 creatures vanquished

Notes
Turn   | Place    | Note
-------+----------+-------------------------------------------
     0 | D:1      | BeastOfSaturn the Tengu Conjurer began the quest for the
                  | Orb.
     0 | D:1      | Reached XP level 1. HP: 10/10 MP: 4/4
   260 | D:1      | Reached XP level 2. HP: 15/15 MP: 0/6
   466 | D:1      | Learned a level 2 spell: Searing Ray
   568 | D:1      | Reached skill level 1 in Maces & Flails
   568 | D:1      | Reached XP level 3. HP: 14/19 MP: 0/7
   573 | D:1      | Learned a level 3 spell: Dazzling Flash
   763 | D:1      | Reached skill level 1 in Armour
  1155 | D:2      | Reached skill level 6 in Conjurations
  1922 | D:2      | Reached XP level 4. HP: 24/24 MP: 5/8
  1968 | D:2      | Found a sacrificial altar of Ru.
  1976 | D:2      | Became a worshipper of Ru the Awakened
  2046 | D:2      | Found a shimmering blue altar of Sif Muna.
  2202 | D:2      | Found an ancient bone altar of Kikubaaqudgha.
  2202 | D:2      | Found a white marble altar of Elyvilon.
  2207 | D:2      | Found a sparkling altar of Nemelex Xobeh.
  2209 | D:2      | Found an iron altar of Okawaru.
  2210 | D:2      | Found a hazy altar of Hepliaklqana.
  2475 | D:3      | Found a faded altar of an unknown god.
  3284 | D:3      | Reached skill level 1 in Fighting
  3296 | D:3      | Found a runed translucent door.
  3296 | D:3      | Noticed TimeIsEndless's ghost (amateur GnFi)
  3688 | D:4      | Gained mutation: You can fly continuously. [Tengu growth]
  3688 | D:4      | Reached XP level 5. HP: 14/29 MP: 4/9
  3956 | D:4      | Reached skill level 1 in Axes
  4047 | D:4      | Gained mutation: You are missing a hand. [Ru sacrifice]
  4047 | D:4      | Reached * piety under Ru
  4047 | D:4      | Reached ** piety under Ru
  4047 | D:4      | Reached *** piety under Ru
  4082 | D:4      | Reached XP level 6. HP: 32/35 MP: 2/11
  4295 | D:4      | Found a basalt altar of Yredelemnul.
  4698 | D:5      | Entered Level 5 of the Dungeon
  5076 | D:5      | Found a blossoming altar of Fedhas.
  5080 | D:5      | Found a burning altar of Makhleb.
  5340 | D:5      | Reached XP level 7. HP: 38/40 MP: 2/12
  5425 | D:5      | Found Waporukk's Antique Weapon Shoppe.
  5462 | D:5      | Gained mutation: Your flesh is cold resistant. (rC+)
                  | [potion of mutation]
  5462 | D:5      | Gained mutation: Your system is resistant to poisons.
                  | (rPois) [potion of mutation]
  5462 | D:5      | Gained mutation: You are agile. (Dex +2) [potion of
                  | mutation]
  5676 | D:5      | Found a stormy altar of Qazlal.
  5682 | D:5      | Reached skill level 1 in Long Blades
  6093 | D:6      | Noticed a steam dragon
  6097 | D:6      | Noticed a steam dragon
  6309 | D:6      | Reached XP level 8. HP: 12/46 MP: 14/14
  6320 | D:5      | Engulfed by a steam dragon's steam

Levels and vault maps discovered:
D:1:      lemuel_arrival_lava_pool, layout_loops_ring
D:2:      layout_loops_ring, nicolae_ru_path_of_blood,
          chequers_temple_overflow_minitemple, old_standard_altar,
          hangedman_decor_diamond_cutter
D:3:      layout_basic, chequers_ecumenical_altar_simple_redux,
          gammafunk_ghost_grave
D:4:      layout_basic, yredelemnul_altar_generic
D:5:      layout_basic, nicolae_qazlal_eye_of_the_storm, demons_altar,
          kennysheep_mini, serial_shops, nicolae_shop_behind_doors, first_ration
D:6:      kennysheep_steamy, layout_basic, lemuel_doored_altar,
          nicolae_overflow_crystal_walls

Skill      XL: |  1  2  3  4  5  6  7 |
---------------+----------------------+-----
Maces & Flails | 1 |  1.2
Armour         | 1 2 4 |  4.5
Conjurations   | 6 |  6.8
Dodging        | 3 4 |  4.5
Fighting       | 1 2 3 |  3.3
Axes           | 1 2 |  2.0
Spellcasting   | 3 |  3.5
Long Blades    | 2 |  2.1
Stealth        | |  2.0

Action                   |  1- 3 |  4- 6 |  7- 9 || total
-------------------------+-------+-------+-------++-------
Melee: Kick              |    11 |    18 |    27 ||    56
       Unarmed           |     2 |       |       ||     2
       Hand axe          |    38 |    49 |       ||    87
       Peck              |     2 |    11 |    12 ||    25
       Falchion          |       |    38 |    59 ||    97
 Cast: Magic Dart        |    22 |       |       ||    22
       Searing Ray       |    21 |    61 |    19 ||   101
Invok: Sacrifice a Hand  |       |     1 |       ||     1
  Use: Scroll            |       |       |     5 ||     5
       Potion            |       |       |     1 ||     1
 Stab: Sleeping          |       |    10 |     1 ||    11
       Invisible         |       |     1 |     1 ||     2
  Eat: Ration            |     2 |     2 |     1 ||     5
       Chunk             |       |     8 |     1 ||     9
Armor: Robe              |    13 |     7 |       ||    20
       Ring mail         |       |    12 |    30 ||    42
Dodge: Dodged            |    42 |    83 |    56 ||   181
       Rpst.: Falchion   |       |     5 |    16 ||    21

Table legend:
 A = Non-vault XP
 B = Vault XP
 C = Vault XP percentage of total XP
 D = Non-vault monster count
 E = Vault monster count
 F = Vault count percentage of total count
                 A         B        C        D         E       F
            +---------+---------+-------+---------+---------+-------
      Total |    1205 |     117 |   8.9 |     118 |       3 |   2.5
            +---------+---------+-------+---------+---------+-------
        D:1 |      50 |       0 |   0.0 |      21 |       0 |   0.0
        D:2 |      53 |       0 |   0.0 |      22 |       0 |   0.0
        D:3 |      59 |       0 |   0.0 |      20 |       0 |   0.0
        D:4 |     251 |       0 |   0.0 |      22 |       0 |   0.0
        D:5 |     242 |     117 |  32.6 |      18 |       3 |  14.3
        D:6 |     550 |       0 |   0.0 |      15 |       0 |   0.0
            +---------+---------+-------+---------+---------+-------
